 Dungeon Crawl Stone Soup version 0.29-a0-330-g52719c12eb (webtiles) character file.

Game seed: 13939913510483602860

269767 Crownlay the Black Belt (level 20, -7/200 HPs)
             Began as an Octopode Earth Elementalist on May 1, 2022.
             Was an Elder of Ashenzari.
             Mangled by a quicksilver ooze (13 damage)
             ... created by the Royal Jelly
             ... on level 4 of the Pits of Slime on May 2, 2022.
             The game lasted 02:04:35 (39070 turns).

Crownlay the Black Belt (OpEE)                     Turns: 39070, Time: 02:04:36

Health: -7/200     AC: 21    Str: 16    XL:     20   Next: 19%
Magic:  14/39      EV: 22    Int: 27    God:    Ashenzari [****..]
Gold:   3058       SH:  8    Dex: 19    Spells: 30/49 levels left

rFire   . . .      SeeInvis +     - Unarmed
rCold   + + +      Faith    .   w - +0 buckler "Eternal With Me" {AC+3, Range, Bglg} (curse)
rNeg    + . .      Spirit   .   z - +2 hat of the Gnostic Comet {Melee, Alch} (curse)
rPois   ∞          Reflect  .   v - amulet of regeneration
rElec   +          Harm     .   h - ring of Curses and Power {rF+, Elem, Evo} (curse)
rCorr   .          Rampage  .   g - ring of the Wild Blue Yonder {AC+4, Cun, Comp} (curse)
Will    +....      Clarity  +   B - ring "Cursed Together" {rC+, Bglg, Elem} (curse)
Stlth   +++++++...              x - ring of the Eye in the Sky {Str+6, Alch, Self} (curse)
HPRegen 1.23/turn               M - ring "Onol" {Ice Str+3 Int+3 SInv Stlth+}
MPRegen 0.26/turn               I - +6 ring of dexterity
                                O - ring of wizardry
                                F - ring "Overhang to Understand" {Wiz, Elem, Fort} (curse)

@: statue-form, engulfed, corroded, studying Stealth, very slow
A: slow and powerful, torment resistance 1, boosted hp, almost no armour,
amphibious, 8 rings, camouflage 1, (gelatinous body 1), (nimble swimmer 1),
tentacles, cold resistance 1, weak 1
}: 2/15 runes: serpentine, barnacled
a: End Transformation, Renounce Religion, Curse Item, Shatter the Chains


You were on level 4 of the Pits of Slime.
You worshipped Ashenzari.
Ashenzari was greatly pleased with you.
You were a living statue of rough stone.
You visited 7 branches of the dungeon, and saw 37 of its levels.
You visited the Abyss 1 time.
You also visited: Ice Cave and Volcano.

You collected 3625 gold pieces.
You spent 567 gold pieces at shops.

Inventory:

Missiles
 a - 727 stones
 W - 8 throwing nets
Armour
 w - the cursed +0 buckler "Eternal With Me" (worn) {AC+3, Range, Bglg}
   (You found it on level 6 of the Dungeon)

   It has a curse which improves the following skills: Ranged Combat: Slings,
   Bows, Crossbows and Throwing.
   Beguiling: Conjurations, Hexes and Translocations.
 z - the cursed +2 hat of the Gnostic Comet (worn) {Melee, Alch}
   (You found it on level 9 of the Dungeon)

   It has a curse which improves the following skills: Melee Combat: Short
   Blades, Long Blades, Axes, Maces & Flails, Polearms, Staves and Unarmed
   Combat.
   Alchemy:   Poison Magic and Transmutations.
 Z - a +0 tower shield
Jewellery
 g - the cursed ring of the Wild Blue Yonder (right tentacle) {AC+4, Cun, Comp}
   (You found it on level 7 of the Dungeon)

   [ring of protection]

   AC:        It affects your AC (+4).
   It has a curse which improves the following skills: Cunning: Dodging and
   Stealth.
   Companions: Summonings and Necromancy.
 h - the cursed ring of Curses and Power (left tentacle) {rF+, Elem, Evo}
   (You found it on level 3 of the Dungeon)

   [ring of protection from fire]

   rF:        It protects you from fire.
   It has a curse which improves the following skills: Elements: Fire Magic, Ice
   Magic, Air Magic and Earth Magic.
   Evocations: Evocations.
 q - a ring of flight
 v - an amulet of regeneration (around mantle)
 x - the cursed ring of the Eye in the Sky (on tentacle) {Str+6, Alch, Self}
   (You acquired it on level 10 of the Dungeon)

   [ring of strength]

   Str:       It affects your strength (+6).
   It has a curse which improves the following skills: Alchemy: Poison Magic and
   Transmutations.
   Introspection: Fighting and Spellcasting.
 B - the cursed ring "Cursed Together" (on tentacle) {rC+, Bglg, Elem}
   (You found it on level 9 of the Dungeon)

   [ring of protection from cold]

   rC:        It protects you from cold.
   It has a curse which improves the following skills: Beguiling: Conjurations,
   Hexes and Translocations.
   Elements:  Fire Magic, Ice Magic, Air Magic and Earth Magic.
 F - the cursed ring "Overhang to Understand" (on tentacle) {Wiz, Elem, Fort}
   (You found it on level 11 of the Dungeon)

   [ring of wizardry]

   It improves your spell success rate.
   It has a curse which improves the following skills: Elements: Fire Magic, Ice
   Magic, Air Magic and Earth Magic.
   Fortitude: Shields.
 I - a +6 ring of dexterity (on tentacle)
 J - the necklace of Bloodlust {*Rage Will++ Int-3 Slay+6}
   (You found it on level 4 of the Shoals)

   [amulet of nothing]

   It extends the wearer's berserk rage when killing foes.
   Int:       It affects your intelligence (-3).
   Slay:      It affects your accuracy & damage with ranged weapons and melee
   (+6).
   *Rage:     It berserks you when you make melee attacks (+50% chance).
   Will:      It greatly increases your willpower.
 M - the ring "Onol" (on tentacle) {Ice Str+3 Int+3 SInv Stlth+}
   (You acquired it on level 5 of the Lair of Beasts)

   [ring of ice]

   It enhances your ice magic.
   Str:       It affects your strength (+3).
   Int:       It affects your intelligence (+3).
   rF:        It makes you vulnerable to fire.
   rC:        It protects you from cold.
   SInv:      It lets you see invisible.
   Stlth:     It makes you more stealthy.
 N - an amulet of magic regeneration
 O - a ring of wizardry (on tentacle)
 T - a ring of protection from cold
 X - an amulet of reflection
 Y - a ring of wizardry
Wands
 r - a wand of flame (51)
 s - a wand of polymorph (23)
 t - a wand of acid (17)
 C - a wand of paralysis (8)
 P - a wand of digging (6)
 S - a wand of charming (4)
 V - a wand of iceblast (5)
Scrolls
 d - 5 scrolls of fog
 e - 7 scrolls of enchant weapon
 f - 13 scrolls of magic mapping
 n - 3 scrolls of enchant armour
 p - 12 scrolls of teleportation
 D - 7 scrolls of amnesia
 E - 3 scrolls of holy word
 U - 2 scrolls of silence
Potions
 b - 2 potions of magic
 c - 4 potions of lignification
 i - 17 potions of curing
 j - 6 potions of brilliance
 k - 6 potions of might
 l - 7 potions of haste
 m - 3 potions of heal wounds
 o - 7 potions of mutation
 A - 4 potions of invisibility
 G - 2 potions of berserk rage
 H - 3 potions of ambrosia
 K - 5 potions of flight
 L - 6 potions of cancellation
 R - 2 potions of resistance
Miscellaneous
 u - a phial of floods
 Q - a lightning rod (4/4)


   Skills:
 + Level 16.7(18.5) Fighting
 - Level 3.2(5.0) Throwing
 - Level 13.1(15.0) Dodging
 - Level 8.0(10.0) Stealth
 - Level 13.1(15.0) Shields
 + Level 16.7(18.5) Unarmed Combat
 - Level 13.1(15.0) Spellcasting
 - Level 6.0(8.0) Necromancy
 - Level 6.9(10.0) Translocations
 - Level 9.4(12.4) Transmutations
 - Level 9.0(12.9) Earth Magic
 - Level 3.5(5.3) Evocations


You had 30 spell levels left.
You knew the following spells:

 Your Spells              Type           Power      Damage    Failure   Level
a - Sandblast             Erth           100%       2d20      0%          1
b - Stone Arrow           Conj/Erth      100%       3d13      1%          3
c - Petrify               Tmut/Erth      73%        N/A       1%          4
d - Statue Form           Tmut/Erth      48%        N/A       1%          6
e - Borgnjor's Vile Clut  Necr/Erth      33%        N/A       1%          5

Your spell library contained the following spells:

 Spells                   Type           Power      Damage    Failure   Level
 Beastly Appendage        Tmut           100%       N/A       0%          1
 Animate Skeleton         Necr           100%       N/A       1%          1
 Apportation              Tloc           100%       N/A       1%          1
 Freeze                   Ice            100%       1d11      1%          1
 Magic Dart               Conj           88%        1d7       1%          1
 Sting                    Tmut/Pois      100%       1d8       1%          1
 Summon Small Mammal      Summ           84%        N/A       1%          1
 Call Imp                 Summ           21%        N/A       1%          2
 Passwall                 Tmut/Erth      60%        N/A       1%          2
 Sublimation of Blood     Necr           59%        N/A       1%          2
 Wereblood                Tmut           72%        N/A       1%          2
 Frozen Ramparts          Ice            68%        1d8       1%          3
 Ozocubu's Armour         Ice            34%        N/A       1%          3
 Portal Projectile        Hex/Tloc       96%        N/A       1%          3
 Spider Form              Tmut/Pois      53%        N/A       1%          3
 Animate Dead             Necr           29%        N/A       1%          4
 Ice Form                 Ice/Tmut       70%        N/A       1%          4
 Iskenderun's Mystic Bla  Conj/Tloc      48%        2d11      1%          4
 Leda's Liquefaction      Hex/Erth       27%        N/A       1%          4
 Passage of Golubria      Tloc           65%        N/A       1%          4
 Alistair's Intoxication  Tmut/Pois      35%        N/A       1%          5
 Blade Hands              Tmut           36%        N/A       1%          5
 Excruciating Wounds      Necr           29%        N/A       1%          5
 Yara's Violent Unravell  Hex/Tmut       26%        3d11      1%          5
 Call Canine Familiar     Summ           21%        N/A       2%          3
 Dazzling Flash           Conj/Hex       44%        N/A       2%          3
 Mephitic Cloud           Conj/Pois/Air  22%        N/A       2%          3
 Summon Guardian Golem    Hex/Summ       21%        N/A       2%          3
 Tukima's Dance           Hex            22%        N/A       2%          3
 Dispersal                Tloc           32%        N/A       2%          6
 Death Channel            Necr           29%        N/A       4%          6
 Airstrike                Air            11%        N/A       7%          4
 Hailstorm                Conj/Ice       34%        3d9       7%          4
 Summon Ice Beast         Ice/Summ       33%        N/A       7%          4
 Summon Lightning Spire   Summ/Air       22%        N/A       7%          4
 Fireball                 Conj/Fire      11%        3d7       17%         5
 Freezing Cloud           Conj/Ice/Air   17%        6-21      17%         5
 Iskenderun's Battlesphe  Conj           22%        2d8       17%         5
 Lightning Bolt           Conj/Air       11%        1d24      17%         5
 Metabolic Englaciation   Hex/Ice        17%        N/A       17%         5
 Summon Mana Viper        Hex/Summ       21%        N/A       19%         5
 Simulacrum               Ice/Necr       30%        N/A       21%         6
 Necromutation            Tmut/Necr      33%        N/A       56%         8
 Disjunction              Tloc           32%        N/A       58%         8
 Conjure Ball Lightning   Conj/Air       11%        3x3d6     65%         6
 Starburst                Conj/Fire      11%        6d5       65%         6
 Haunt                    Necr/Summ      21%        N/A       71%         7
 Borgnjor's Revivificati  Necr           29%        N/A       83%         8
 Infestation              Necr           29%        N/A       83%         8
 Lehudib's Crystal Spear  Conj/Erth      27%        10d7      95%         8
 Enfeeble                 Hex            11%        N/A       99%         7
 Orb of Destruction       Conj           11%        9d6       99%         7
 Summon Hydra             Summ           10%        N/A       99%         7
 Death's Door             Necr           29%        N/A       100%        9
 Polar Vortex             Ice            17%        N/A       100%        9


Dungeon Overview and Level Annotations

Branches:
Dungeon (15/15)            Temple (1/1) D:5            Lair (6/6) D:10
 Shoals (4/4) Lair:3        Snake (4/4) Lair:4        Slime (5/5) Lair:5
    Orc (2/2) D:9             Elf (0/3) Orc:2        Vaults (0/5) D:14
 Depths (0/4) D:15          IceCv (visited)         Volcano (visited)

Altars:
Ashenzari
Cheibriados
Dithmenos
Elyvilon
Fedhas
Gozag
Hepliaklqana
Kikubaaqudgha
Makhleb
Nemelex Xobeh
Okawaru
Qazlal
Ru
Sif Muna
Trog
Uskayaw
Vehumet
Wu Jian
Xom
Yredelemnul
Zin

Shops:
D:5 ?   D:11 (   Orc:1 (   Orc:2 ([(!

Annotations:
D:8 Mob dans un mur ?
D:15 2 transporters, benappo's ghost, adept DjTm
Snake:2 6 transporters
Slime:5 Royal Jelly


Innate Abilities, Weirdness & Mutations

You are a living statue of rough stone.
Your actions are slow, but your melee attacks are powerful.
You are resistant to unholy torment.
Your maximum health is greatly increased.
You are immune to poison.
You cannot wear most types of armour.
You are amphibious.
You can wear up to eight rings at the same time.
Your skin changes colour to match your surroundings (Stealth+).
((Your rubbery body absorbs attacks. (AC +1, EV +1)))
((You are camouflaged when in or above water. (Stealth+)))
You have tentacles for arms and can constrict up to eight enemies at once.
Your flesh is cold resistant. (rC+)
You are weak. (Str -2)


Message History

The acid blob is moderately wounded.
You block the quicksilver ooze's attack.
The quicksilver ooze closely misses you.
The rockslime hits you!
* * * LOW HITPOINT WARNING * * *
You stumble backwards!
The ooze engulfing you falls away.
You batter the acid blob!! The acid corrodes you!
Your tentacles burn!
* * * LOW HITPOINT WARNING * * *
You tentacle-slap the acid blob.
The acid blob is severely wounded.
The rockslime completely misses you. The acid blob spits acid at you.
The splash of acid hits you!!
* * * LOW HITPOINT WARNING * * *
The acid corrodes you! The quicksilver ooze misses you.
The quicksilver ooze hits you but does no damage.
Okay, then.
Blink to where?
Press: ? - help, Dir - move target
As you read the scroll of blinking, it crumbles to dust.
Okay, then.
Okay, then.
The quicksilver ooze hits you.
The quicksilver ooze closely misses you.
You block the quicksilver ooze's attack. x2
There is a stone staircase leading up here.
The quicksilver ooze hits you. The quicksilver ooze engulfs you!
The quicksilver ooze misses you.
The quicksilver ooze jiggles.
You block the quicksilver ooze's attack.
The quicksilver ooze hits you but does no damage.
The quicksilver ooze hits you.
* * * LOW HITPOINT WARNING * * *
You block the quicksilver ooze's attack. x2
The quicksilver ooze misses you.
The quicksilver ooze completely misses you.
The quicksilver ooze misses you. x2
The quicksilver ooze closely misses you.
The quicksilver ooze hits you!
You die...

##........................#
#.............>..........##
#........................##
##.......<............#...##
##.#.......J..........#.#.##
#.........JJ...............#
##.........J..............##
#........JJJ.....#......##
#.........8..#..........#
##...................#.##
#...............##......#
####..............#....#.##
##.##...............#....##
#............##.....###.##
##.............##...## ###
#...........#.###...#
##.........#### ##.##


You could see an acid blob, 2 rockslimes and 4 quicksilver oozes.

Vanquished Creatures
  Mara (Shoals:4)
  Vashnia (Snake:2)
  A bone dragon (Abyss:2)
  The ghost of Gavad the Stormcaller, an adept TeTm of Makhleb (Snake:1)
  5 acid blobs
  A kraken (Shoals:1)
  Frances (Snake:1)
  Polyphemus (Shoals:4)
  Kirke (Shoals:3)
  Roxanne (D:14)
  6 azure jellies
  7 nagarajas
  A frost giant (Shoals:4)
  8 rockslimes
  2 orc warlords
  Louise (Shoals:4)
  6 quicksilver oozes
  A stone giant (Orc:1)
  The ghost of Sassenached the Fighter, a journeyman DgWn (Orc:2)
  2 very ugly things (IceCv)
  3 ettins (Orc:1)
  6 merfolk javelineers
  Josephine (D:14)
  2 great orbs of eyes
  6 salamander tyrants
  A great orb of eyes (shapeshifter) (D:14)
  9 merfolk impalers
  5 naga warriors
  7 centaur warriors
  2 boulder beetles
  10 hydras
  2 catoblepae
  8 ogre magi
  3 alligator snapping turtles (Shoals:4)
  37 two-headed ogres
  8 death yaks
  4 merfolk avatars
  A satyr (Shoals:3)
  3 anacondas
  4 merfolk aquamancers
  2 tengu warriors
  4 thrashing horrors (Abyss:2)
  Urug (D:12)
  17 naga sharpshooters
  A sun demon (Abyss:2)
  Nergalle (D:10)
  2 shock serpents
  5 salamander mystics
  7 skeletal warriors
  8 naga ritualists (Snake:4)
  2 orange crystal statues (IceCv)
  A swamp dragon (Lair:2)
  11 sea snakes
  A necromancer (D:15)
  A lindwurm (Lair:6)
  2 orc knights
  18 harpies
  An anaconda skeleton (Volcano)
  A deep elf zephyrmancer (D:15)
  4 orc sorcerers
  A deep elf pyromancer (D:14)
  4 mana vipers
  14 ugly things
  5 shining eyes
  16 salamanders
  15 cyclopes
  12 manticores
  24 black mambas
  4 fauns (Shoals:3)
  A guardian serpent (Snake:4)
  2 centaur zombies (D:15)
  12 elephants
  7 merfolk sirens
  11 naga magi
  2 eyes of devastation
  2 orange demons (Abyss:2)
  5 water nymphs
  A torpor snail (Lair:6)
  A smoke demon (Abyss:2)
  12 cane toads
  3 gargoyles (Volcano)
  A centaur skeleton (D:15)
  A demonic crawler (Abyss:2)
  4 freezing wraiths
  3 kobold demonologists
  A yaktaur (D:15)
  13 komodo dragons
  4 efreet (Abyss:2)
  3 rime drakes
  3 golden dragon simulacra (IceCv)
  3 anaconda simulacra (IceCv)
  7 wind drakes
  A meliai (shapeshifter) (D:14)
  A tengu conjurer (D:15)
  23 merfolk
  11 trolls
  6 meliai (D:15)
  44 slime creatures
  Prince Ribbit (D:6)
  2 hornets (Lair:6)
  7 polar bears
  7 raiju (Abyss:2)
  14 snapping turtles
  21 dream sheep
  A meliai zombie (D:15)
  9 blink frogs (Lair:6)
  2 harpy skeletons
  A spriggan (shapeshifter) (D:14)
  An alligator skeleton (Volcano)
  3 ynoxinuls (Abyss:2)
  3 shadows
  10 water elementals
  6 flying skulls
  9 spriggans (Lair:6)
  3 wraiths (D:14)
  2 dire elephant simulacra (IceCv)
  6 basilisks
  6 wyverns
  71 yaks
  A chaos spawn (Abyss:2)
  A neqoxec (Abyss:2)
  8 golden eyes
  2 steam dragons
  8 large abominations (Abyss:2)
  11 vampire mosquitoes
  11 wargs
  3 acid dragons
  2 harpy simulacra (IceCv)
  34 nagas
  3 hydra simulacra (IceCv)
  13 water moccasins
  A small abomination (Abyss:2)
  25 orc warriors
  2 ice beasts
  A sky beast (D:8)
  A swamp drake (Lair:2)
  2 black bears (Lair:6)
  An ogre (shapeshifter) (D:14)
  An alligator simulacrum (IceCv)
  46 ogres
  5 boggarts (Lair:6)
  22 wolves
  10 centaurs
  A phantom (D:4)
  9 kobold brigands
  19 bullfrogs
  3 scorpions (D:7)
  An earth elemental (Abyss:2)
  A wight (D:9)
  3 lindwurm simulacra (IceCv)
  5 killer bees (D:9)
  4 electric eels
  3 howler monkeys (D:9)
  6 hounds
  A gnoll shaman (D:5)
  14 orc priests
  A quasit (Abyss:2)
  3 jellies
  3 iguanas
  27 orc wizards
  9 hell rats
  Ijyb (D:4)
  2 naga skeletons (Volcano)
  Robin (D:4)
  9 adders
  10 gnolls
  2 ufetubi
  A worm (D:3)
  6 dart slugs
  68 orcs
  3 endoplasms
  A giant cockroach (D:4)
  17 goblins
  7 hobgoblins
  2 jackals (D:2)
  4 quokkas
  8 ball pythons
  3 bats
  A frilled lizard (D:2)
  25 kobolds
  5 rats
  2 lurking horrors (Abyss:2)
  A plant (Shoals:4)
1235 creatures vanquished.

Vanquished Creatures (others)
  A cane toad (Lair:6)
  A merfolk (Shoals:1)
  2 humans (Shoals:3)
  An orc wizard (Orc:2)
  An orc (Orc:2)
  A bush (Lair:3)
  45 fungi
  186 plants
  4 tentacles (Shoals:1)
242 creatures vanquished.

Grand Total: 1477 creatures vanquished

Notes
Turn   | Place    | Note
-------+----------+-------------------------------------------
     0 | D:1      | Crownlay the Octopode Earth Elementalist began the quest
                  | for the Orb.
     0 | D:1      | Reached XP level 1. HP: 11/11 MP: 3/3
   187 | D:1      | Reached XP level 2. HP: 16/17 MP: 5/5
  1188 | D:2      | Reached XP level 3. HP: 10/21 MP: 0/6
  1947 | D:2      | Found a faded altar of an unknown god.
  2391 | D:2      | Reached XP level 4. HP: 12/27 MP: 5/8
  2873 | D:3      | Reached XP level 5. HP: 31/31 MP: 7/9
  3024 | D:3      | Reached skill level 5 in Earth Magic
  3313 | D:3      | Learned a level 3 spell: Stone Arrow
  3334 | D:4      | Noticed Robin
  3340 | D:4      | Killed Robin
  3449 | D:4      | Noticed an ogre
  3454 | D:4      | Killed an ogre
  3455 | D:4      | Reached skill level 1 in Fighting
  3455 | D:4      | Reached XP level 6. HP: 38/38 MP: 4/11
  3711 | D:4      | Noticed Ijyb
  3718 | D:4      | Killed Ijyb
  4113 | D:4      | Reached XP level 7. HP: 41/45 MP: 6/13
  4603 | D:5      | Entered Level 5 of the Dungeon
  4640 | D:5      | Found a shadowy altar of Dithmenos.
  4931 | D:5      | Found a staircase to the Ecumenical Temple.
  4943 | D:5      | Reached skill level 5 in Spellcasting
  4947 | Temple   | Entered the Ecumenical Temple
  5061 | Temple   | Became a worshipper of Ashenzari the Shackled
  5168 | D:5      | Found Geitzin's Magic Scroll Emporium.
  5176 | D:5      | Bought a scroll of teleportation for 30 gold pieces
  5176 | D:5      | Bought a scroll of identify for 20 gold pieces
  5176 | D:5      | Bought a scroll of identify for 20 gold pieces
  5176 | D:5      | Bought a scroll of identify for 20 gold pieces
  5176 | D:5      | Bought a scroll of identify for 20 gold pieces
  5176 | D:5      | Bought a scroll of enchant armour for 75 gold pieces
  5176 | D:5      | Bought a scroll of identify for 20 gold pieces
  5300 | D:5      | Reached XP level 8. HP: 48/54 MP: 0/15
  5655 | D:5      | Found a blossoming altar of Fedhas.
  5904 | D:5      | Bought a scroll of identify for 20 gold pieces
  5904 | D:5      | Bought a scroll of identify for 20 gold pieces
  5956 | D:6      | Reached skill level 5 in Fighting
  6061 | D:6      | Noticed Prince Ribbit
  6067 | D:6      | Killed Prince Ribbit
  6068 | D:6      | Reached skill level 1 in Shields
  6458 | D:6      | Found a burning altar of Makhleb.
  6679 | D:7      | Reached XP level 9. HP: 62/62 MP: 11/18
  6783 | D:7      | Found an opulent altar of Gozag.
  6954 | D:7      | Reached * piety under Ashenzari
  7497 | D:7      | Found a hide-covered altar of Uskayaw.
  8649 | D:9      | Noticed a two-headed ogre
  8654 | D:9      | Noticed a troll
  8655 | D:9      | Killed a two-headed ogre
  8656 | D:9      | Reached XP level 10. HP: 65/72 MP: 10/22
  8780 | D:9      | Noticed a centaur warrior
  8781 | D:9      | Noticed a red ugly thing
  8794 | D:9      | Killed a red ugly thing
  8842 | D:9      | Noticed a two-headed ogre
  8929 | D:9      | Noticed a two-headed ogre
  8944 | D:9      | Killed a two-headed ogre
  9035 | D:9      | Learned a level 4 spell: Petrify
  9217 | D:9      | Found a staircase to the Orcish Mines.
  9234 | D:8      | Reached skill level 5 in Transmutations
  9451 | D:9      | Found a shimmering altar of Xom.
  9538 | D:9      | Learned a level 6 spell: Statue Form
  9664 | D:9      | Reached XP level 11. HP: 77/77 MP: 3/24
  9816 | D:9      | Noticed a two-headed ogre
  9840 | D:9      | Killed a two-headed ogre
  9860 | D:9      | Killed a two-headed ogre
  9861 | D:9      | Reached skill level 10 in Spellcasting
 10005 | D:9      | Identified the cursed +0 buckler "Eternal With Me" {AC+3,
                  | Range, Bglg} (You found it on level 6 of the Dungeon)
 10089 | D:9      | Found a white marble altar of Elyvilon.
 10196 | D:9      | Killed a centaur warrior
 10200 | D:9      | Noticed a centaur warrior
 10272 | D:9      | Killed a centaur warrior
 10273 | D:9      | Reached skill level 1 in Unarmed Combat
 10464 | D:9      | Reached ** piety under Ashenzari
 10563 | D:9      | Found an iron altar of Okawaru.
 10822 | D:10     | Entered Level 10 of the Dungeon
 10897 | D:10     | Found a sacrificial altar of Ru.
 11082 | D:10     | Found a basalt altar of Yredelemnul.
 11643 | D:10     | Found a staircase to the Lair.
 11838 | D:10     | Identified a scroll of acquirement
 11912 | D:10     | Found a snail-covered altar of Cheibriados.
 12014 | D:10     | Noticed an angel
 12015 | D:10     | Found a glowing silver altar of Zin.
 12078 | Lair:1   | Entered Level 1 of the Lair of Beasts
 12078 | Lair:1   | Noticed Nergalle
 12438 | D:10     | Killed Nergalle
 12661 | Lair:1   | Reached XP level 12. HP: 84/84 MP: 14/26
 12862 | Lair:1   | Identified the +5 hunting sling of the Foremost Prophets
                  | {freeze, rElec rC+ MP+9 Int-5}
 12987 | Lair:1   | Found a hide-covered altar of Uskayaw.
 13669 | Lair:1   | Acquired a +6 ring of strength
 13691 | Lair:2   | Noticed a five-headed hydra
 13698 | Lair:2   | Killed a five-headed hydra
 13978 | Lair:2   | Reached skill level 5 in Unarmed Combat
 15033 | Lair:3   | Reached skill level 5 in Shields
 15072 | Lair:3   | Found a staircase to the Shoals.
 15104 | Lair:3   | Reached XP level 13. HP: 93/93 MP: 29/29
 16225 | Lair:4   | Found a staircase to the Snake Pit.
 16257 | Lair:4   | Reached skill level 10 in Fighting
 16794 | Lair:5   | Acquired the ring "Onol" {Ice Str+3 Int+3 SInv Stlth+}
 17004 | Lair:5   | Reached skill level 5 in Dodging
 17080 | Lair:5   | Acquired a ring of wizardry
 17199 | Lair:5   | Found a staircase to the Slime Pits.
 17432 | Lair:6   | Entered Level 6 of the Lair of Beasts
 17634 | Lair:6   | Reached XP level 14. HP: 102/102 MP: 30/30
 17638 | Lair:6   | Reached skill level 10 in Unarmed Combat
 18035 | Lair:6   | Reached skill level 1 in Translocations
 18883 | Orc:1    | Entered Level 1 of the Orcish Mines
 18883 | Orc:1    | Noticed an orc warlord
 18890 | Orc:1    | Killed an orc warlord
 19039 | Orc:1    | Found Xugiekly's Weapon Shoppe.
 19340 | Orc:1    | Reached XP level 15. HP: 109/109 MP: 31/31
 19427 | Orc:1    | Identified the Collected Works on Enthralling Poisoning
 19430 | Orc:1    | Identified the +7 rapier "Bupniq" {vorpal, rPois SInv}
 19430 | Orc:1    | Identified the +8 great mace of Sainuad {vorpal, rF- rC+
                  | rN+ Dex+3}
 19821 | Orc:2    | Entered Level 2 of the Orcish Mines
 19851 | Orc:2    | Reached skill level 1 in Evocations
 19872 | Orc:2    | Found a staircase to the Elven Halls.
 19928 | Orc:2    | Noticed an orc warlord
 19930 | Orc:2    | Reached skill level 5 in Translocations
 19941 | Orc:2    | Killed an orc warlord
 19962 | Orc:2    | Found a dark tunnel.
 19965 | Volcano  | Entered a volcano
 20307 | Volcano  | Reached *** piety under Ashenzari
 20536 | Orc:2    | Paralysed by an ogre mage for 5 turns
 20641 | Orc:2    | Found Resch's Distillery.
 20641 | Orc:2    | Found Kirirehy's Armour Shoppe.
 20642 | Orc:2    | Found Sustuat's Weapon Shoppe.
 20642 | Orc:2    | Found Paung's Weapon Shop.
 20649 | Orc:2    | Bought a potion of heal wounds for 70 gold pieces
 20649 | Orc:2    | Bought 2 potions of heal wounds for 140 gold pieces
 20649 | Orc:2    | Bought a potion of mutation for 112 gold pieces
 20858 | Orc:2    | Found a runed translucent door.
 20896 | Orc:2    | Noticed Sassenached's ghost (journeyman DgWn)
 20909 | Orc:2    | Killed Sassenached's ghost
 21726 | D:11     | Reached XP level 16. HP: 119/119 MP: 29/32
 21880 | D:11     | Found Poecebev's Hydra Hut.
 21988 | D:11     | Reached **** piety under Ashenzari
 22218 | D:11     | Identified the +1 chain mail of Day {rPois rC+ Slay+2}
 22234 | D:12     | Noticed Urug
 22240 | D:12     | Killed Urug
 22370 | D:12     | Identified the +5 ring mail of Card Tricks {rF+++ Str+4
                  | Dex+3}
 22905 | D:13     | Reached skill level 1 in Necromancy
 23360 | D:14     | Noticed Josephine
 23360 | D:14     | Identified the +0 kite shield of Panentheism {+Inv}
 23365 | D:14     | Killed Josephine
 23528 | D:14     | Identified the +8 halberd of the Hidden Vale {vorpal,
                  | rCorr}
 23530 | D:14     | Identified Roxanne's Reference Book on Clay
 23530 | D:14     | Noticed Roxanne
 23654 | D:14     | Found a gate to the Vaults.
 23811 | D:14     | Learned a level 5 spell: Borgnjor's Vile Clutch
 24030 | D:14     | Killed Roxanne
 24069 | D:15     | Entered Level 15 of the Dungeon
 24272 | D:15     | Noticed a storm dragon
 24280 | D:15     | Found a transporter.
 24300 | D:15     | Identified the +7 whip of Dismay {flame, Dex+2}
 24301 | D:15     | Identified the amulet "Qidialor" {Spirit Slay+2}
 24304 | D:15     | Noticed benappo's ghost (adept DjTm)
 24312 | D:15     | Found a transporter.
 24538 | D:15     | Found a staircase to the Depths.
 24553 | D:15     | Reached skill level 10 in Shields
 24723 | D:15     | Reached XP level 17. HP: 127/127 MP: 33/36
 25432 | Shoals:1 | Entered Level 1 of the Shoals
 25512 | Shoals:1 | Found a frozen archway.
 25523 | IceCv    | Entered an ice cave
 25700 | IceCv    | Identified the +6 scale mail "Fergh" {Dex+2}
 25738 | IceCv    | Identified the +2 pair of boots of Thoughtfulness {+Inv
                  | Str+2}
 25875 | Shoals:1 | Noticed a kraken
 25887 | Shoals:1 | Killed a kraken
 27975 | Shoals:3 | Reached skill level 10 in Dodging
 28064 | Shoals:3 | Reached skill level 5 in Necromancy
 28337 | Shoals:3 | Noticed Kirke
 28346 | Shoals:3 | Killed Kirke
 28929 | Shoals:4 | Entered Level 4 of the Shoals
 28929 | Shoals:4 | Noticed Mara
 28935 | Shoals:4 | Noticed Crownlay's illusion
 28939 | Shoals:4 | Killed Mara
 28940 | Shoals:4 | Reached XP level 18. HP: 135/135 MP: 33/37
 30145 | Shoals:4 | Got a barnacled rune of Zot
 30220 | Shoals:4 | Noticed Polyphemus
 30230 | Shoals:4 | Killed Polyphemus
 30418 | Shoals:4 | Identified the +4 ring mail of Zin's Condemnation {+Blink
                  | rElec}
 31022 | Shoals:4 | Noticed Louise
 31024 | Shoals:4 | Cast into level 2 of the Abyss (Louise)
 31121 | Abyss:2  | Gained mutation: Potions are less effective at restoring
                  | your health. [a neqoxec]
 31372 | Abyss:2  | Noticed a bone dragon
 31387 | Abyss:2  | Killed a bone dragon
 31431 | Shoals:4 | Escaped the Abyss
 31442 | Shoals:4 | Killed Louise
 31791 | Shoals:4 | Identified the +9 long sword "Buinapila" {freeze, rC+}
 32040 | Shoals:4 | Found the necklace of Bloodlust {*Rage Will++ Int-3 Slay+6}
 32248 | Snake:1  | Entered Level 1 of the Snake Pit
 32418 | Snake:1  | Identified Rites and Rhymes for Beginners
 32438 | Snake:1  | Reached skill level 15 in Unarmed Combat
 32725 | Snake:1  | Noticed Frances
 32734 | Snake:1  | Killed Frances
 32738 | Snake:1  | Reached skill level 15 in Fighting
 32855 | Snake:1  | Found a runed translucent door.
 32901 | Snake:1  | Noticed Gavad's ghost (adept TeTm)
 32927 | Snake:1  | Killed Gavad's ghost
 33689 | Snake:2  | Found a shimmering altar of Xom.
 33713 | Snake:2  | Noticed Vashnia
 33723 | Snake:2  | Killed Vashnia
 33927 | Snake:2  | Found a transporter.
 33950 | Snake:2  | Found a transporter.
 34081 | Snake:2  | Found a transporter.
 34083 | Snake:2  | Found a transporter.
 34144 | Snake:2  | Reached XP level 19. HP: 40/144 MP: 38/38
 34328 | Snake:2  | Found a transporter.
 34331 | Snake:2  | Found a transporter.
 35352 | Snake:4  | Entered Level 4 of the Snake Pit
 35959 | Snake:4  | Got a serpentine rune of Zot
 36372 | Snake:4  | Reached skill level 5 in Stealth
 36821 | Slime:1  | Entered Level 1 of the Pits of Slime
 36947 | Slime:1  | Gained mutation: You expend magic power (3 MP) to
                  | strengthen your wands. [a shining eye]
 37285 | Slime:1  | Reached skill level 1 in Throwing
 37339 | Slime:2  | Gained mutation: You are dopey. (Int -2) [a shining eye]
 37346 | Slime:2  | Gained mutation: You have hidden genetic defects. [a
                  | shining eye]
 37349 | Slime:2  | Paralysed by a great orb of eyes for 4 turns
 37985 | Slime:2  | Gained mutation: Your spells are a little easier to cast,
                  | but a little less powerful. [hidden defects]
 38051 | Slime:2  | Lost mutation: Your spells are a little easier to cast, but
                  | a little less powerful. [potion of mutation]
 38051 | Slime:2  | Lost mutation: You expend magic power (3 MP) to strengthen
                  | your wands. [potion of mutation]
 38051 | Slime:2  | Gained mutation: You have a beak for a mouth. [potion of
                  | mutation]
 38051 | Slime:2  | Lost mutation: You are dopey. (Int -2) [potion of mutation]
 38052 | Slime:2  | Lost mutation: Potions are less effective at restoring your
                  | health. [potion of mutation]
 38052 | Slime:2  | Lost mutation: You have hidden genetic defects. [potion of
                  | mutation]
 38052 | Slime:2  | Lost mutation: You have a beak for a mouth. [potion of
                  | mutation]
 38052 | Slime:2  | Gained mutation: You are weak. (Str -2) [potion of
                  | mutation]
 38052 | Slime:2  | Gained mutation: Your flesh is cold resistant. (rC+)
                  | [potion of mutation]
 38344 | Slime:4  | Reached XP level 20. HP: 153/153 MP: 34/39
 38781 | Slime:5  | Entered Level 5 of the Pits of Slime
 39043 | Slime:5  | Noticed the Royal Jelly
 39066 | Slime:4  | HP: 3/200 [acid blob/splash of acid[the Royal Jelly] (26)]
 39070 | Slime:4  | Mangled by a quicksilver ooze

Illustrated notes

Levels and vault maps discovered:
D:1:      beargit_arrival_greenhouse, layout_loops_ring
D:2:      layout_loops_ring, shapermc_ecumenical_altar_mp_highgroup
D:3:      layout_basic
D:4:      layout_loops_ring, abandoned_shop, minmay_manual_monolith, uniq_ijyb,
          uniq_robin
D:5:      layout_basic, grunt_dithmenos_smoke_and_mirrors,
          mainiacjoe_overflow_catwalk, temple_fountains, serial_shops,
          nicolae_stop_n_shop_1
D:6:      layout_rooms, general_overflow_altar, uniq_prince_ribbit1
D:7:      layout_basic, grunt_gozag_statues, mainiacjoe_overflow_alcove_4
D:8:      minmay_bubble_buster, layout_rooms, hangedman_abyss_or_decor_stagger,
          fungi_pond_lemuel, water_boxes_lemuel
D:9:      cheibrodos_fzero, layout_loops_ring, okawaru_altar_gauntlet_db,
          mainiacjoe_overflow_concentric_impassable,
          mainiacjoe_overflow_alcove_2, minmay_orc_entry_guard_dogs,
          minmay_fractal_squares_diagonal_5
D:10:     layout_loops_cross, nicolae_ru_path_of_blood,
          mainiacjoe_overflow_brackets, kennysheep_slug_shrine, zin_angel,
          david_lair_shrubbed, kennysheep_decorative_pillar, chequers_arboretum
D:11:     layout_rooms, minmay_tree_intersection, doesnt_shop_hydraphobe
D:12:     layout_cave_pools, uniq_urug
D:13:     layout_roguey, special_room [special_room_orc]
D:14:     layout_roguey, david_vaults_2, uniq_josephine, uniq_roxanne
D:15:     grunt_enter_depths_magical_seal, layout_irregular_city,
          gammafunk_ghost_berserking_beasts, solitary_fountain, minivault_25
Temple:   eino_temple_lava
Lair:1:   layout_small_grid, basic_altar, infiniplex_staircase_pool,
          uniq_nergalle
Lair:2:   layout_hall_layers, pond
Lair:3:   layout_long_grid, minmay_shoals_entry_lonely_mermaid,
          nicolae_lair_grazing_beasts [nicolae_sub_lair_graze_edge,
          nicolae_sub_lair_graze_edge, nicolae_sub_lair_graze_edge,
          nicolae_sub_lair_graze_edge]
Lair:4:   layout_gridlike, minmay_snake_entry_guardpost_small,
          dreamdust_mushroom_princess, grunt_megastairs_5
Lair:5:   layout_misc_corridors, slime_dummy
Lair:6:   minmay_lair_end_enchanted_forest, layout_regular_city,
          grunt_megastairs_2
Shoals:1: layout_shoals, portal_ice_cave_entry_pillars_four
Shoals:2: layout_shoals
Shoals:3: layout_shoals, uniq_kirke
Shoals:4: shoals_end_grunt_ice, layout_shoals, uniq_mara, uniq_polyphemus,
          uniq_louise
Snake:1:  layout_chambers, hellmonk_ghost_happy_afterlife, uniq_frances
Snake:2:  layout_grid_shapes, basic_altar, serial_nicolae_subway,
          nicolae_sub_station_stone, nicolae_sub_station_metal,
          nicolae_sub_station_crystal, uniq_vashnia
Snake:3:  layout_cave_pods
Snake:4:  johnstein_snake_rune_scales, layout_misc_corridors,
          hangedman_snake_corridor_cut
Slime:1:  layout_caves
Slime:2:  layout_caves
Slime:3:  layout_caves
Slime:4:  layout_caves
Slime:5
Orc:1:    giant_chief_lemuel, layout_caves, serial_shops, nicolae_lakefront_shop
Orc:2:    st_orc_ogre_mass, layout_caves, nicolae_volcano_entry_two_sided,
          gammafunk_ghost_grave

Skill      XL: |  1  2  3  4  5  6  7  8  9 10 11 12 13 14 15 16 17 18 19 |
---------------+----------------------------------------------------------+-----
Earth Magic    | 4 5 6 7 8 9 |  9.0
Spellcasting   | 3 4 5 6 8 9 10 13 | 13.1
Fighting       | 1 2 4 5 8 9 10 11 12 13 14 15 16 | 16.7
Shields        | 2 4 5 7 8 9 10 11 12 13 | 13.1
Transmutations | 6 8 9 |  9.4
Unarmed Combat | 2 7 9 12 13 14 15 16 | 16.7
Dodging        | 3 5 6 8 10 11 13 | 13.1
Translocations | 3 5 6 |  6.9
Evocations     | 3 |  3.5
Necromancy     | 2 5 6 |  6.0
Stealth        | 8 |  8.0
Throwing       | 3 |  3.2

Action                   |  1- 3 |  4- 6 |  7- 9 | 10-12 | 13-15 | 16-18 | 19-21 || total
-------------------------+-------+-------+-------+-------+-------+-------+-------++-------
Melee: Unarmed           |    44 |     7 |     1 |   149 |   732 |  1064 |   424 ||  2421
       Tentacles         |     8 |     3 |     9 |    71 |   205 |   303 |   143 ||   742
       Constrict         |    12 |     3 |     4 |    23 |    75 |   177 |    28 ||   322
       Punch             |     1 |       |     1 |    14 |    71 |   127 |    80 ||   294
       Staff             |       |       |    16 |    78 |       |       |       ||    94
 Cast: Sandblast         |    31 |    62 |    95 |    63 |     1 |       |       ||   252
       Stone Arrow       |       |     2 |    56 |   133 |     3 |       |       ||   194
       Statue Form       |       |       |       |    25 |    75 |   158 |    77 ||   335
       Borgnjor's Vile C |       |       |       |       |       |    13 |     2 ||    15
Invok: Curse Item        |       |       |     3 |     3 |     1 |     1 |       ||     8
       Shatter the Chain |       |       |       |     1 |       |       |       ||     1
Evoke: Wand              |       |       |     2 |     3 |     2 |     1 |       ||     8
       Lightning rod     |       |       |       |       |     1 |     1 |       ||     2
       Phial of floods   |       |       |       |       |       |     1 |       ||     1
  Use: Scroll            |       |     5 |     9 |     8 |     4 |     5 |     2 ||    33
       Potion            |       |       |       |     3 |       |     4 |     2 ||     9
 Stab: Sleeping          |     5 |       |       |     4 |    10 |    25 |     5 ||    49
       Petrified         |       |       |       |       |     5 |     8 |       ||    13
       Distracted        |       |       |       |       |     2 |     2 |       ||     4
       Petrifying        |       |       |       |       |       |     1 |       ||     1
Armor: Skin              |     5 |     3 |     7 |   401 |   521 |   668 |   292 ||  1897
Dodge: Dodged            |    42 |    13 |    28 |   385 |   789 |  1085 |   554 ||  2896
Block: Buckler           |       |       |     4 |   146 |   340 |   753 |   251 ||  1494
       Reflection        |       |       |       |       |       |    19 |       ||    19

Table legend: (Time is in decaauts)
 A = Elapsed time spent in this place.
 B = Non-inter-level travel time spent in this place.
 C = Inter-level travel time spent in this place.
 D = Time resting spent in this place.
 E = Time spent auto-exploring this place.
 F = Levels seen in this place.
 G = Mean time per level.
                   A        B        C        D        E       F      G
               +--------+--------+--------+--------+--------+-----+--------+
         Total |  46308 |  44241 |   2067 |   1643 |  30317 |  40 | 1157.7 |
       Dungeon |  17672 |  16895 |    777 |    311 |  13522 |  15 | 1178.1 |
        Temple |    123 |    114 |      9 |      0 |    104 |   1 |  123.0 |
          Lair |   7675 |   7078 |    597 |    155 |   5054 |   6 | 1279.2 |
        Shoals |   7853 |   7645 |    208 |    527 |   4426 |   4 | 1963.2 |
     Snake Pit |   5769 |   5615 |    154 |    299 |   3654 |   4 | 1442.2 |
    Slime Pits |   2956 |   2821 |    135 |    112 |   1411 |   5 |  591.2 |
  Orcish Mines |   2582 |   2398 |    184 |     52 |   1631 |   2 | 1291.0 |
         Abyss |    574 |    574 |      0 |      0 |      0 |   1 |  574.0 |
      Ice Cave |    369 |    369 |      0 |     99 |     26 |   1 |  369.0 |
       Volcano |    731 |    731 |      0 |     86 |    488 |   1 |  731.0 |
               +--------+--------+--------+--------+--------+-----+--------+

Top non-repeatable levels by time:
Shoals:3: 2983 daAuts
    D:10: 2124 daAuts
Shoals:4: 2070 daAuts
     D:9: 2061 daAuts
     D:2: 1711 daAuts
 Snake:1: 1696 daAuts
  Lair:6: 1610 daAuts
 Snake:4: 1531 daAuts
   Orc:1: 1483 daAuts
 Snake:3: 1465 daAuts
  Lair:3: 1456 daAuts
Shoals:1: 1439 daAuts
  Lair:2: 1423 daAuts
    D:15: 1405 daAuts
Shoals:2: 1360 daAuts
